cohdb
Replays
Latest Replays
All Replays
Popular Replays
Top Player Replays
Match Explorer
How It Works
Community
CoH3 Stats
Reddit
Sign in to upload your games and track your stats! →
Sign in with Steam
Match 43484110
Unlisted
Match 43484110
Overview
Messages
Build Orders
End
Selects Terror Battlegroup
Selects Machine Gun Camouflage
Construct Infanterie Kompanie
MG 42 Machine Gun Team
Grenadier Squad
Grenadier Squad
Construct Panzergrenadier Kompanie
MG 42 Machine Gun Team
Selects Interrogate
Panzergrenadier Squad
251 Medium Carrier
Pak 40 Anti-tank Gun Team
Grenadier Squad
Support Elements
Selects Propaganda Leaflet Drop
Propaganda Leaflet Drop
251 Medium Carrier
Pak 40 Anti-tank Gun Team
Selects Defend the Fatherland
Propaganda Leaflet Drop
MG 42 Machine Gun Team
StuG III G Assault Gun
Selects V1 Rocket Strike
Grenadier Squad
StuG III G Assault Gun
Panzergrenadier Squad
Pioneer Squad
Propaganda Leaflet Drop
来吃鱼啊
那晚她才16
Calm
宇杰
dl5277
kenleung
杨司令
Pops
0
0
Comments
sign in to comment!
No comments posted yet!